 Dungeon Crawl Stone Soup version 0.30-a0-4-ga7cffc901d (webtiles) character file.

Game seed: 631155110894907360

2095 frimble the Insei (level 9, -1/65 HPs)
             Began as a Demonspawn Earth Elementalist on Aug 20, 2022.
             Was a Believer of Cheibriados.
             Succumbed to a killer bee's poison
             ... on level 7 of the Dungeon.
             The game lasted 00:07:49 (8216 turns).

frimble the Insei (Demonspawn Earth Elementalist)   Turns: 8216, Time: 00:07:50

Health: -1/65      AC:  8    Str: 16    XL:     9   Next: 7%
Magic:  12/12      EV: 15    Int: 22    God:    Cheibriados [**....]
Gold:   235        SH:  0    Dex: 20    Spells: 12/12 levels left

rFire   . . .      SeeInvis +      - Unarmed
rCold   . . .      Faith    .    (no shield)
rNeg    + . .      Spirit   .    m - +1 steam dragon scales
rPois   .          Reflect  .    (helmet restricted)
rElec   .          Harm     .    l - +1 cloak
rCorr   .          Rampage  .    (no gloves)
Will    .....                    (no boots)
Stlth   ++........               (no amulet)
HPRegen 0.20/turn                n - ring of see invisible
MPRegen 0.26/turn                r - ring of positive energy

@: lethally poisoned (-1 -> -13), marked, very slow
A: antennae 2, claws 1, spiny 2, magic regeneration
a: Renounce Religion, Bend Time


You were on level 7 of the Dungeon.
You worshipped Cheibriados.
Cheibriados was pleased with you.
You visited 2 branches of the dungeon, and saw 9 of its levels.

You collected 235 gold pieces.

Inventory:

Hand Weapons
 k - a +1 falchion
Armour
 l - a +1 cloak (worn)
 m - +1 steam dragon scales (worn)
Jewellery
 n - a ring of see invisible (left claw)
 r - a ring of positive energy (right claw)
Wands
 h - a wand of flame (12)
 i - a wand of roots (8)
 s - a wand of polymorph (10)
 u - a wand of mindburst (16)
Scrolls
 a - 2 scrolls of blinking
 f - 6 scrolls of teleportation
 v - a scroll of fear
 w - 2 scrolls of butterflies
Potions
 b - a potion of magic
 c - a potion of brilliance
 d - a potion of flight
 e - 2 potions of might
 g - a potion of haste {unknown}
 j - a potion of cancellation {unknown}
 o - a potion of attraction {unknown}
 p - 2 potions of curing {unknown}
 q - a potion of heal wounds {unknown}
 t - a potion of mutation {unknown}


   Skills:
 - Level 4.0 Fighting
 - Level 0.2(0.7) Short Blades
 - Level 1.1 Long Blades
 + Level 4.7 Dodging
 - Level 1.7 Stealth
 + Level 7.2 Unarmed Combat
 - Level 2.0 Spellcasting
 - Level 2.7 Transmutations
 - Level 2.6 Earth Magic
 + Level 2.8 Invocations
 - Level 4.0 Evocations


You had 12 spell levels left.
You didn't know any spells.
Your spell library contained the following spells:

 Spells                   Type           Power      Damage    Failure   Level
 Beastly Appendage        Tmut           28%        N/A       4%          1
 Sandblast                Erth           28%        2d8       4%          1
 Passwall                 Tmut/Erth      11%        N/A       7%          2
 Wereblood                Tmut           14%        N/A       7%          2
 Sting                    Tmut/Pois      32%        1d4       8%          1
 Shock                    Conj/Air       8%         1d3       14%         1
 Poisonous Vapours        Pois/Air       4%         N/A       21%         2
 Spider Form              Tmut/Pois      8%         N/A       24%         3
 Stone Arrow              Conj/Erth      16%        3d8       24%         3
 Ignite Poison            Fire/Tmut/Pois 6%         N/A       28%         3
 Conjure Flame            Conj/Fire      2%         6-21      38%         3
 Swiftness                Air            2%         N/A       38%         3
 Petrify                  Tmut/Erth      14%        N/A       41%         4
 Airstrike                Air            1%         2d(1-17)  80%         4
 Olgreb's Toxic Radiance  Pois           2%         N/A       80%         4
 Sticky Flame             Conj/Fire      2%         2d3       80%         4


Dungeon Overview and Level Annotations

Branches:
Dungeon (8/15)             Temple (1/1) D:5
   Lair: D:8-11

Altars:
Cheibriados
Dithmenos
Gozag
Hepliaklqana
Makhleb
Nemelex Xobeh
Okawaru
Ru
Sif Muna
Trog
Vehumet
Yredelemnul

Shops:
D:2 ?   D:4 *   D:5 (   D:7 (


Innate Abilities, Weirdness & Mutations

You have a pair of antennae on your head.
You have sharp fingernails.
You are mostly covered in sharp spines.
You regenerate magic rapidly.


Message History

The killer bee poisons you! The killer bee barely misses you.
The wight is struck by your spines. The wight barely misses you.
You feel sick.
The killer bee is struck by your spines.
The killer bee stings you!
The killer bee is struck by your spines.
The killer bee barely misses you. The wight hits you with a +2 battleaxe.
You climb upwards.
You feel sick.
There is a stone staircase leading down here.
You scratch the killer bee.
The killer bee is heavily wounded.
You feel sick. The killer bee stings you.
You are more poisoned.
The killer bee poisons you!
You closely miss the killer bee.
The killer bee is heavily wounded.
You feel sick.
The killer bee stings you but does no damage.
The wight is struck by your spines. The wight closely misses you.
The killer bee barely misses you.
You closely miss the killer bee.
The killer bee is heavily wounded.
You feel sick. The killer bee barely misses you.
The wight hits you with a +2 battleaxe!
* * * LOW HITPOINT WARNING * * *
The killer bee stings you.
* * * LOW HITPOINT WARNING * * *
You claw the wight!
You destroy the wight!
Cheibriados thoroughly appreciates the change of pace.
* * * LOW HITPOINT WARNING * * *
You feel sick.
The killer bee is struck by your spines.
The killer bee stings you.
* * * LOW HITPOINT WARNING * * *
You are more poisoned.
The killer bee poisons you!
You miss the killer bee.
The killer bee is severely wounded.
You die...

###'#................##....
#.........##.....###.##.###
#....#'#'###.##..###.##.#..
#....#.#.# #.##..#.#.##.#..
#....#.#.###.##....#.##.#.#
######...##..##.##....#....
##.......#.##..#####.#
########)##.#.....<...#.#
#......y@##.####.####.#.#
#.#########.# #........#
#...........# ######.##.
#.########### #....[ ###
#####. #. ##. #.. ###


You could see a killer bee.

Vanquished Creatures
  A water moccasin (D:7)
  An ice beast (D:5)
  A black bear (D:4)
  2 ogres (D:7)
  A centaur (D:7)
  A kobold brigand (D:7)
  5 bullfrogs
  2 necrophages (D:5)
  A gnoll sergeant (D:6)
  4 scorpions
  A wight (D:7)
  6 killer bees
  3 orc priests
  3 hounds (D:5)
  An iguana (D:6)
  3 orc wizards
  3 gnolls (D:6)
  3 adders
  A white imp (D:6)
  An ufetubus (D:5)
  2 worms
  A dart slug (D:2)
  14 orcs
  16 ball pythons
  2 bats
  5 endoplasms
  A giant cockroach (D:3)
  7 goblins
  5 hobgoblins
  3 jackals (D:2)
  4 quokkas
  2 frilled lizards
  6 kobolds (D:7)
  5 rats
117 creatures vanquished.

Notes
Turn   | Place    | Note
-------+----------+-------------------------------------------
     0 | D:1      | frimble the Demonspawn Earth Elementalist began the quest
                  | for the Orb.
     0 | D:1      | Reached XP level 1. HP: 13/13 MP: 3/3
    68 | D:1      | Reached skill level 1 in Transmutations
   658 | D:1      | Gained mutation: You are partially covered in sharp spines.
                  | [demonic ancestry]
   658 | D:1      | Reached XP level 2. HP: 19/19 MP: 3/5
  1466 | D:2      | Found Ateleev's Magic Scroll Boutique.
  1588 | D:2      | Gained mutation: You regenerate magic rapidly. [demonic
                  | ancestry]
  1588 | D:2      | Reached XP level 3. HP: 25/25 MP: 6/6
  1641 | D:2      | Found a radiant altar of Vehumet.
  2110 | D:3      | Found a faded altar of an unknown god.
  2119 | D:3      | Reached skill level 1 in Fighting
  2546 | D:3      | Reached skill level 1 in Long Blades
  3110 | D:4      | Discovered your monstrous ancestry.
  3110 | D:4      | Gained mutation: You have sharp fingernails. [demonic
                  | ancestry]
  3110 | D:4      | Reached XP level 4. HP: 32/32 MP: 7/7
  3135 | D:4      | Found Ligofu's Assorted Antiques.
  3151 | D:4      | Noticed a scorpion
  3166 | D:4      | Killed a scorpion
  3167 | D:4      | Reached skill level 1 in Unarmed Combat
  3411 | D:4      | Noticed a black bear
  3421 | D:4      | Killed a black bear
  3422 | D:4      | Reached skill level 2 in Unarmed Combat
  3422 | D:4      | Reached XP level 5. HP: 25/41 MP: 5/8
  3560 | D:4      | Found a sparkling altar of Nemelex Xobeh.
  3560 | D:4      | Found a burning altar of Makhleb.
  3564 | D:4      | Found a hazy altar of Hepliaklqana.
  3566 | D:4      | Found an iron altar of Okawaru.
  3567 | D:4      | Found a bloodstained altar of Trog.
  4174 | D:5      | Entered Level 5 of the Dungeon
  4176 | D:5      | Found Gef Bufa's Antique Weapon Emporium.
  4238 | D:5      | Found a staircase to the Ecumenical Temple.
  4471 | D:5      | Reached XP level 6. HP: 32/48 MP: 9/9
  4519 | Temple   | Entered the Ecumenical Temple
  4607 | Temple   | Became a worshipper of Cheibriados the Contemplative
  4659 | D:5      | Reached skill level 3 in Unarmed Combat
  4901 | D:5      | Noticed an ice beast
  4918 | D:5      | Killed an ice beast
  4919 | D:5      | Reached skill level 4 in Unarmed Combat
  5156 | D:5      | Gained mutation: You have a pair of small antennae on your
                  | head. [demonic ancestry]
  5156 | D:5      | Reached XP level 7. HP: 40/54 MP: 10/10
  5171 | D:5      | Reached skill level 1 in Evocations
  5789 | D:6      | Reached skill level 5 in Unarmed Combat
  5802 | D:6      | Reached * piety under Cheibriados
  6408 | D:6      | Gained mutation: You are mostly covered in sharp spines.
                  | [demonic ancestry]
  6408 | D:6      | Reached XP level 8. HP: 53/60 MP: 11/11
  7013 | D:7      | Reached skill level 6 in Unarmed Combat
  7590 | D:7      | Reached ** piety under Cheibriados
  7591 | D:7      | Found Woseoll's Antique Weapon Shoppe.
  7954 | D:7      | Reached skill level 7 in Unarmed Combat
  7954 | D:7      | Reached skill level 1 in Invocations
  8208 | D:8      | Gained mutation: You have a pair of antennae on your head.
                  | [demonic ancestry]
  8208 | D:8      | Reached XP level 9. HP: 49/65 MP: 12/12
  8215 | D:7      | HP: 1/65 [killer bee (6)]
  8216 | D:7      | Succumbed to a killer bee's poison

Illustrated notes

Levels and vault maps discovered:
D:1:      wander_arrival_chamber, layout_loops_ring
D:2:      layout_basic, basic_altar, serial_shops, shop
D:3:      layout_basic, nicolae_ecumenical_snake_handling,
          amcnicky_mini_corridor_feature
D:4:      layout_basic, grunt_temple_overflow_open, minmay_strange_pillars,
          nicolae_inconvenience_store
D:5:      layout_loops_ring, minmay_temple_entry_slanted, serial_shops, shop,
          saegor_snake_ambush
D:6:      layout_basic
D:7:      layout_basic, serial_shops, shop
D:8:      minmay_the_grid_triangle_9x9_rhombus_full
          [minmay_the_grid_triangle_9x9_cache,
          minmay_the_grid_triangle_9x9_thin_v,
          minmay_the_grid_triangle_9x9_steps,
          minmay_the_grid_triangle_9x9_descending_squares,
          minmay_the_grid_triangle_9x9_alien,
          minmay_the_grid_triangle_9x9_intruding_spiral,
          minmay_the_grid_triangle_9x9_semitri,
          minmay_the_grid_triangle_9x9_prize_center], layout_basic,
          lemuel_mausoleum_altar_kikubaaqudgha
Temple:   nicolae_temple_bog_church

Skill      XL: |  1  2  3  4  5  6  7  8 |
---------------+-------------------------+-----
Transmutations | 1 2 |  2.7
Fighting       | 1 3 4 |  4.0
Long Blades    | 1 |  1.1
Unarmed Combat | 2 4 5 7 |  7.2
Evocations     | 3 4 |  4.0
Dodging        | 4 |  4.7
Invocations    | 2 |  2.8
Short Blades   | |  0.2
Stealth        | |  1.7
Spellcasting   | |  2.0
Earth Magic    | |  2.6

Action                   |  1- 3 |  4- 6 |  7- 9 || total
-------------------------+-------+-------+-------++-------
Melee: Unarmed           |    14 |    29 |   170 ||   213
       Punch             |     1 |     2 |     6 ||     9
       Dagger            |     4 |       |       ||     4
       Falchion          |    49 |    43 |       ||    92
 Cast: Sandblast         |    17 |     2 |       ||    19
Evoke: Wand              |       |     3 |     2 ||     5
  Use: Scroll            |     9 |     2 |     6 ||    17
       Potion            |       |       |     1 ||     1
 Stab: Sleeping          |     6 |     1 |     1 ||     8
Armor: Robe              |     7 |       |       ||     7
       Steam dragon scal |    19 |    27 |    36 ||    82
Dodge: Dodged            |    48 |    39 |    98 ||   185

Table legend: (Time is in decaauts)
 A = Elapsed time spent in this place.
 B = Non-inter-level travel time spent in this place.
 C = Inter-level travel time spent in this place.
 D = Time resting spent in this place.
 E = Time spent auto-exploring this place.
 F = Levels seen in this place.
 G = Mean time per level.
                   A        B        C        D        E       F      G
               +--------+--------+--------+--------+--------+-----+--------+
         Total |   8881 |   8466 |    415 |    214 |   7230 |   9 |  986.8 |
       Dungeon |   8783 |   8385 |    398 |    214 |   7153 |   8 | 1097.9 |
        Temple |     97 |     81 |     16 |      0 |     77 |   1 |   97.0 |
               +--------+--------+--------+--------+--------+-----+--------+

Top non-repeatable levels by time:
     D:5: 1590 daAuts
     D:7: 1482 daAuts
     D:6: 1353 daAuts
     D:4: 1159 daAuts
     D:2: 1138 daAuts
     D:3: 989 daAuts
     D:1: 913 daAuts
     D:8: 155 daAuts
  Temple: 97 daAuts
